AoeStats
← CrazyBen

Lombardia

507082845Analyzed
4v4 RM · 16d ago on Sep 16, 2026· 67m 38s· 8 players
Game mode
Random Map
Map size
Large (8 player)
Population
200
Speed
Normal
Resources
Standard
Victory
Conquest
Starting age
Dark Age
Ending age
Imperial Age
RankedLock teamsTeams togetherTeam positionsShared explorationLock speedFull tech treeHidden civsTurbo modeCheats
Victory
Defeat
🇭🇰 Hindustanis · Hong Kong SAR China
1437
+16
🇨🇳 Britons · China
1436
+16
🇭🇰 Vietnamese · Hong Kong SAR China
1406
+17
🇫🇷 Goths · France
1398
+17
🇳🇱 Ethiopians · Netherlands
1486
-19
🇵🇪 Berbers · Peru
1484
-19
🇨🇴 Mongols · Colombia
1371
-14
🇨🇦 Mapuche · Canada
1367
-14
CrazyBen
3:44 Loom
10:59 Feudal Age
15:41 Castle Age
14:40 Double-Bit Axe
14:38 Horse Collar
16:54 Bow Saw
16:47 Heavy Plow
26:29 Scale Mail Armor
29:17 Chain Mail Armor
29:46 Squires
34:51 Imperial Age
33:05 Wheelbarrow
33:01 Anarchy
34:52 Forging
35:37 Perfusion
35:58 Conscription
36:17 Iron Casting
36:01 Hand Cart
38:27 Elite Huskarl
45:29 Caravan
46:37 Pikeman
51:55 Halberdier
phlui1122
6:10 Loom
8:35 Feudal Age
9:36 Double-Bit Axe
10:38 Horse Collar
19:41 Castle Age
19:11 Bloodlines
20:56 Wheelbarrow
20:41 Bow Saw
21:33 Heavy Plow
28:44 Squires
32:35 Gold Mining
32:35 Stone Mining
33:02 Hand Cart
36:49 Imperial Age
35:18 Gold Shaft Mining
35:19 Stone Shaft Mining
35:48 Scale Mail Armor
35:58 Forging
36:50 Chain Mail Armor
37:37 Scale Barding Armor
38:08 Iron Casting
36:56 Elite Ghulam
37:57 Conscription
38:32 Hoardings
38:22 Grand Trunk Road
40:38 Scale Barding Armor
41:33 Blast Furnace
42:19 Chain Barding Armor
43:04 Chemistry
42:25 Ballistics
42:11 Siege Engineers
42:43 Husbandry
42:04 Heavy Camel Rider
43:04 Light Cavalry
44:04 Imperial Camel Rider
45:39 Plate Barding Armor
47:53 Hussar
48:38 Caravan
54:02 Masonry
世一上、
7:37 Loom
9:50 Feudal Age
10:34 Double-Bit Axe
14:42 Horse Collar
19:53 Castle Age
19:12 Gold Mining
20:44 Bow Saw
20:43 Crossbowman
24:27 Wheelbarrow
23:38 Town Watch
24:12 Heavy Plow
24:41 Fletching
27:11 Bodkin Arrow
29:22 Padded Archer Armor
33:14 Ballistics
37:25 Imperial Age
34:51 Pikeman
35:32 Squires
35:17 Treadmill Crane
35:21 Elite Skirmisher
36:09 Stone Mining
36:41 Hand Cart
36:57 Masonry
36:58 Fortified Wall
38:03 Leather Archer Armor
37:30 Arbalester
38:13 Bracer
39:42 Chemistry
39:47 Conscription
38:52 Imperial Skirmisher
40:53 Ring Archer Armor
41:58 Gold Shaft Mining
55:22 Caravan
59:21 Guilds
64:54 Two-Man Saw
64:52 Guilds
66:02 Yeomen
NephiChan2025
8:50 Loom
11:10 Feudal Age
15:20 Castle Age
13:50 Double-Bit Axe
14:43 Horse Collar
16:46 Bow Saw
18:58 Fletching
22:14 Bodkin Arrow
24:37 Gold Mining
25:26 Husbandry
26:39 Wheelbarrow
26:58 Ballistics
32:01 Hand Cart
32:33 Stone Mining
33:56 Heavy Plow
36:44 Imperial Age
36:01 Bloodlines
35:57 Scale Barding Armor
37:19 Padded Archer Armor
37:40 Chain Barding Armor
37:30 Town Watch
37:52 Bracer
37:17 Heavy Cavalry Archer
39:51 Plate Barding Armor
40:25 Chemistry
41:08 Town Patrol
42:18 Two-Man Saw
41:26 Caravan
41:14 Elite Battle Elephant
43:13 Thumb Ring
44:59 Forging
46:42 Paper Money
48:41 Chatras
50:06 Iron Casting
49:52 Siege Engineers
49:43 Murder Holes
50:05 Leather Archer Armor
50:40 Coinage
52:26 Ring Archer Armor
53:32 Stone Shaft Mining
54:26 Treadmill Crane
55:32 Elite Skirmisher
57:56 Banking
58:15 Imperial Skirmisher
59:41 Light Cavalry
Nhitty
4:18 Loom
11:38 Feudal Age
13:11 Double-Bit Axe
15:46 Castle Age
14:06 Gold Mining
14:42 Fletching
19:31 Bow Saw
22:35 Padded Archer Armor
24:15 Bodkin Arrow
26:52 Leather Archer Armor
28:59 Wheelbarrow
33:26 Hand Cart
36:14 Imperial Age
34:23 Ballistics
33:54 Horse Collar
35:26 Malon
36:16 Elite Bolas Rider
39:09 Butalmapu
39:51 Ring Archer Armor
40:42 Chemistry
40:44 Forging
50:37 Heavy Plow
51:13 Gold Shaft Mining
50:29 Stone Mining
51:37 Caravan
56:08 Crop Rotation
Sebasky
7:05 Loom
8:53 Feudal Age
7:12 Loom
9:28 Double-Bit Axe
16:52 Wheelbarrow
20:57 Castle Age
18:40 Horse Collar
21:15 Scale Barding Armor
21:21 Bloodlines
21:22 Forging
21:59 Bow Saw
21:17 Light Cavalry
23:40 Chain Barding Armor
27:57 Husbandry
29:44 Gold Mining
29:46 Stone Mining
31:10 Ballistics
31:01 Masonry
31:45 Heavy Plow
35:10 Imperial Age
32:49 Fletching
33:41 Bodkin Arrow
34:29 Padded Archer Armor
34:34 Nomads
34:54 Thumb Ring
35:51 Leather Archer Armor
35:35 Elite Mangudai
36:36 Conscription
38:22 Chemistry
37:28 Siege Engineers
38:17 Gold Shaft Mining
38:18 Stone Shaft Mining
38:31 Hand Cart
38:41 Bracer
38:37 Town Watch
40:04 Leather Archer Armor
40:16 Parthian Tactics
41:01 Hoardings
40:13 Onager
41:47 Drill
42:03 Siege Onager
42:37 Sappers
43:44 Iron Casting
43:31 Town Patrol
43:09 Capped Ram
44:20 Siege Ram
50:28 Caravan
50:13 Heavy Scorpion
52:56 Coinage
57:35 Banking
57:20 Fortified Wall
Simon Stokvis
10:10 Feudal Age
15:06 Castle Age
13:05 Double-Bit Axe
15:15 Loom
19:53 Bow Saw
24:18 Fletching
25:17 Town Watch
26:07 Wheelbarrow
25:55 Gold Mining
26:57 Ballistics
31:02 Imperial Age
29:00 Bodkin Arrow
29:06 Padded Archer Armor
28:57 Crossbowman
29:42 Thumb Ring
31:55 Leather Archer Armor
31:10 Arbalester
32:11 Bracer
33:49 Two-Man Saw
34:31 Chemistry
36:53 Ring Archer Armor
42:17 Conscription
52:36 Elite Skirmisher
Ux'GIAN
10:10 Feudal Age
15:07 Castle Age
13:37 Double-Bit Axe
13:45 Horse Collar
16:19 Bow Saw
22:17 Wheelbarrow
23:13 Town Watch
25:13 Hand Cart
26:53 Fletching
27:08 Stone Mining
27:09 Gold Mining
27:20 Heavy Plow
30:40 Imperial Age
28:25 Bodkin Arrow
29:43 Ballistics
30:11 Loom
31:15 Padded Archer Armor
31:51 Conscription
31:33 Bracer
32:35 Chemistry
32:49 Elite Camel Archer
34:07 Bloodlines
33:58 Husbandry
34:41 Crop Rotation
34:48 Gold Shaft Mining
34:49 Stone Shaft Mining
34:56 Thumb Ring
35:12 Leather Archer Armor
34:52 Light Cavalry
35:38 Scale Barding Armor
35:52 Kasbah
36:04 Maghrebi Camels
36:43 Ring Archer Armor
36:35 Hussar
37:37 Chain Barding Armor
37:28 Forging
38:14 Cavalier
40:40 Plate Barding Armor
40:41 Iron Casting
41:10 Coinage
53:48 Caravan
58:45 Masonry
58:18 Treadmill Crane
58:48 Masonry
Connection lost

Rejoining the realm…

Still unreachable

The connection could not be restored.

Session expired

The server has moved on; the page needs a fresh start.